 Dungeon Crawl Stone Soup version 0.17.0-27-g4a3f43e (webtiles) character file.

81 zero the Chopper (level 4, 0/63 HPs)
             Began as a Naga Berserker on Nov 21, 2015.
             Was a Believer of Trog.
             Slain by a gnoll
             ... wielding a +1 spear of venom
              (3 damage)
             ... on level 2 of the Dungeon.
             The game lasted 00:01:45 (1106 turns).

zero the Chopper (Naga Berserker)                   Turns: 1106, Time: 00:01:45

Health: 0/63       AC:  5    Str: 25    XL:     4   Next: 40%
Magic:  4/4        EV:  5    Int:  7    God:    Trog [**....]
Gold:   35         SH:  3    Dex: 11    Spells: 0 memorised, 3 levels left

rFire  . . .     SeeInvis +     a - +0 hand axe
rCold  . . .     Clarity  .     e - +0 chain mail
rNeg   . . .     SustAt   .     i - +0 buckler
rPois  +         Gourm    .     (no helmet)
rElec  .         Spirit   .     (no cloak)
rCorr  .         Warding  .     (no gloves)
rMut   .         Stasis   .     (no barding)
MR     .....                    (no amulet)
Stlth  ..........               (no ring)
                                (no ring)

@: berserking (expiring), quick, not resistant to hostile enchantments,
extremely unstealthy
A: see invisible, deformed body, poison resistance, slowness 2, slow metabolism
1, spit poison 2, AC +1
a: Spit Poison, Berserk, Trog's Hand, Burn Spellbooks, Renounce Religion


You were on level 2 of the Dungeon.
You worshipped Trog.
Trog was pleased with you.
You were not hungry.

You visited 1 branch of the dungeon, and saw 2 of its levels.

You collected 35 gold pieces.

Inventory:

Hand Weapons
 a - a +0 hand axe (weapon)
Armour
 e - a +0 chain mail (worn)
 i - a +0 buckler (worn)
Scrolls
 b - a scroll of enchant armour {unknown}
 d - 3 scrolls of identify {unknown}
 j - a scroll of remove curse {unknown}
 k - a scroll of enchant weapon {unknown}
 n - a scroll of fear {unknown}
 o - a scroll of magic mapping {unknown}
Potions
 f - a potion of magic {unknown}
 g - a potion of brilliance {unknown}
 m - a potion of invisibility {unknown}
Books
 l - a book of the Tempests

   Spells                             Type                      Level
   a - Static Discharge               Conjuration/Air              3
   b - Lightning Bolt                 Conjuration/Air              5
   c - Fireball                       Conjuration/Fire             5
   d - Tornado                        Air                          9
   e - Shatter                        Earth                        9
   Trog disapproves of the use of such an item.
Comestibles
 c - a bread ration
 h - 2 slices of pizza


   Skills:
 - Level 3.0 Fighting
 + Level 5.1 Axes
 - Level 1.5 Armour
 - Level 1.5 Dodging


You had 3 spell levels left.
You didn't know any spells.

Dungeon Overview and Level Annotations

Branches:
Dungeon (2/15)

Altars:
Nemelex Xobeh


Innate Abilities, Weirdness & Mutations

You cannot wear boots.
Your serpentine skin is tough (AC +1).
You have supernaturally acute eyesight.
Armour fits poorly on your strangely shaped body.
Your system is resistant to poisons.
You cover ground very slowly.
You have a slow metabolism.
You can spit poison.


Message History

You closely miss the gnoll. The gnoll hits you with a spear!
* * * LOW HITPOINT WARNING * * *
The goblin hits you but does no damage.
The gnoll hits you with a spear of venom.
* * * LOW HITPOINT WARNING * * *
You slash the goblin!
You kill the goblin!
Trog accepts your kill.
You closely miss the gnoll. x2
The gnoll hits you with a spear.
* * * LOW HITPOINT WARNING * * *
The gnoll hits you with a spear of venom.
* * * LOW HITPOINT WARNING * * *
Things that are here:
a club; a goblin corpse You feel a strong urge to attack something.
The gnoll hits you with a spear.
* * * LOW HITPOINT WARNING * * *
The gnoll hits you with a spear of venom.
You die...

# #######.## #.........
###############g........
.....†........))@.......
###############g........
#......... #.........
#......... ##########


You could see 2 gnolls.

Vanquished Creatures
  2 gnolls (D:2)
  2 adders (D:2)
  4 giant geckos
  2 ball pythons
  3 bats
  A giant cockroach (D:1)
  5 hobgoblins
  A giant newt (D:2)
  5 goblins
  9 kobolds
  7 rats (D:1)
41 creatures vanquished.

Notes
Turn   | Place    | Note
--------------------------------------------------------------
     0 | D:1      | zero the Naga Berserker began the quest for the Orb.
     0 | D:1      | Reached XP level 1. HP: 21/21 MP: 1/1
    61 | D:1      | Reached XP level 2. HP: 4/28 MP: 2/2
   567 | D:1      | Reached ** piety under Trog
   589 | D:1      | Reached skill level 4 in Axes
   696 | D:1      | Reached XP level 3. HP: 34/34 MP: 3/3
   773 | D:2      | Found a sparkling altar of Nemelex Xobeh.
   904 | D:2      | Reached XP level 4. HP: 21/42 MP: 4/4
  1100 | D:2      | Reached skill level 5 in Axes
  1106 | D:2      | HP: 3/63 [gnoll/spear (4)]
  1106 | D:2      | Slain by a gnoll

Action                   |  1- 3 |  4- 6 || total
-------------------------+-------+-------++-------
Melee: Hand axe          |   109 |    13 ||   122
Invok: Berserk           |       |     1 ||     1
